AoeStats
← Comend x comend

Lombardia

507197925Analyzed
3v3 RM · 14d ago on Sep 17, 2026· 19m 24s· 6 players
Game mode
Random Map
Map size
Normal (6 player)
Population
200
Speed
Normal
Resources
Standard
Victory
Conquest
Starting age
Dark Age
Ending age
Imperial Age
RankedLock teamsTeams togetherTeam positionsShared explorationLock speedFull tech treeHidden civsTurbo modeCheats
Victory
Defeat
🇵🇪 Persians · Peru
1345
+14
🇵🇪 Burgundians · Peru
1341
+14
🇵🇪 Lithuanians · Peru
1270
+18
🇵🇪 Celts · Peru
1331
-16
🇦🇷 Saracens · Argentina
1314
-16
🇦🇷 Wei · Argentina
1268
-14
LAO9
10:14 Feudal Age
8:31 Loom
18:04 Forging
Mysa_
5:12 Loom
12:16 Feudal Age
17:22 Double-Bit Axe
juanjemer
8:20 Loom
10:43 Feudal Age
11:25 Double-Bit Axe
17:26 Castle Age
17:06 Horse Collar
18:29 Bow Saw
Comend x comend
6:13 Double-Bit Axe
12:16 Feudal Age
10:40 Horse Collar
17:23 Castle Age
15:54 Bow Saw
16:51 Heavy Plow
19:15 Two-Man Saw
Peru_Rush
10:18 Feudal Age
10:13 Loom
11:21 Double-Bit Axe
14:25 Horse Collar
20:18 Wheelbarrow
Peru_o_O
5:27 Loom
10:00 Feudal Age
10:41 Double-Bit Axe
14:24 Wheelbarrow
19:12 Castle Age
17:41 Scale Barding Armor
18:21 Bloodlines
18:55 Horse Collar
Connection lost

Rejoining the realm…

Still unreachable

The connection could not be restored.

Session expired

The server has moved on; the page needs a fresh start.